AoeStats
← COFFY

Fortress

507255193Analyzed
4v4 RM · 14d ago on Sep 17, 2026· 52m 39s· 8 players
Game mode
Random Map
Map size
Huge
Population
200
Speed
Normal
Resources
Standard
Victory
Conquest
Starting age
Dark Age
Ending age
Imperial Age
RankedLock teamsTeams togetherTeam positionsShared explorationLock speedFull tech treeHidden civsTurbo modeCheats
Victory
Defeat
🇨🇳 Italians · China
1117
+16
🇹🇼 Georgians · Taiwan
1115
+16
🇨🇳 Persians · China
1101
+17
🇹🇼 Franks · Taiwan
1082
+17
🇬🇪 Mapuche · Georgia
1145
-18
🇯🇵 Byzantines · Japan
1144
-18
🇨🇱 Spanish · Chile
1088
-15
🇨🇱 Goths · Chile
1077
-15
神行太保戴宗
7:56 Feudal Age
8:19 Horse Collar
11:51 Castle Age
11:45 Fletching
12:38 Double-Bit Axe
17:21 Bodkin Arrow
20:19 Wheelbarrow
26:20 Imperial Age
24:27 Loom
24:58 Hand Cart
25:43 Padded Archer Armor
27:10 Scale Mail Armor
27:10 Gold Mining
27:27 Squires
29:23 Pikeman
33:21 Conscription
36:11 Arson
39:06 Bracer
39:23 Chain Mail Armor
42:37 Leather Archer Armor
42:53 Plate Mail Armor
44:21 Silk Road
45:10 Ballistics
46:16 Forging
48:26 Chemistry
47:50 Caravan
50:26 Fortified Wall
50:38 Bombard Tower
50:25 Stone Mining
51:58 Hoardings
51:08 Treadmill Crane
51:26 Murder Holes
口愛的來福
2:22 Loom
8:27 Feudal Age
10:21 Double-Bit Axe
13:53 Castle Age
12:28 Gold Mining
12:34 Horse Collar
15:44 Bow Saw
15:54 Heavy Plow
17:50 Stone Mining
20:32 Town Watch
21:22 Wheelbarrow
27:35 Imperial Age
26:28 Fletching
26:50 Forging
26:45 Scale Barding Armor
27:03 Svan Towers
27:41 Stone Shaft Mining
27:24 Husbandry
27:30 Bodkin Arrow
27:58 Bloodlines
27:24 Light Cavalry
28:45 Iron Casting
29:28 Hand Cart
30:51 Blast Furnace
31:50 Conscription
32:02 Bracer
32:55 Hussar
36:42 Chain Barding Armor
38:12 Chemistry
36:58 Arrowslits
38:40 Crop Rotation
38:20 Scale Mail Armor
38:23 Padded Archer Armor
37:47 Elite Skirmisher
39:28 Leather Archer Armor
39:38 Ballistics
39:27 Siege Engineers
39:06 Treadmill Crane
plesae963
1:46 Loom
6:44 Feudal Age
7:32 Double-Bit Axe
12:01 Castle Age
12:06 Gold Mining
14:19 Bow Saw
15:40 Wheelbarrow
23:50 Imperial Age
23:13 Husbandry
23:20 Scale Barding Armor
23:26 Forging
23:43 Hand Cart
24:27 Gold Shaft Mining
25:28 Chain Barding Armor
24:57 Cavalier
26:50 Paladin
28:00 Conscription
29:41 Iron Casting
29:46 Plate Barding Armor
30:45 Stone Mining
30:54 Murder Holes
31:07 Siege Engineers
33:10 Blast Furnace
32:11 Scale Mail Armor
32:15 Pikeman
32:56 Squires
34:19 Halberdier
36:21 Chain Mail Armor
37:18 Elite Skirmisher
38:22 Fletching
38:32 Padded Archer Armor
38:54 Ballistics
39:34 Chemistry
40:34 Bodkin Arrow
40:55 Leather Archer Armor
41:13 Plate Mail Armor
43:03 Chivalry
45:50 Caravan
摸着天杜迁
7:44 Feudal Age
8:05 Town Watch
11:59 Castle Age
10:31 Double-Bit Axe
10:43 Horse Collar
16:28 Loom
21:12 Scale Barding Armor
24:00 Wheelbarrow
24:21 Gold Mining
25:09 Chain Barding Armor
25:03 Stone Mining
25:31 Bow Saw
26:06 Gold Shaft Mining
25:45 Heavy Plow
26:46 Bloodlines
26:40 Husbandry
28:06 Stone Shaft Mining
28:14 Hand Cart
31:04 Imperial Age
30:40 Cavalier
32:31 Two-Man Saw
32:12 Crop Rotation
31:37 Town Watch
32:57 Plate Barding Armor
32:54 Forging
35:21 Iron Casting
34:33 Savar
37:19 Blast Furnace
37:06 Town Patrol
38:54 Chemistry
39:37 Elite War Elephant
40:33 Masonry
40:44 Ballistics
44:32 Caravan
46:59 Conscription
46:50 Citadels
46:51 Heavy Scorpion
wtfckkk
9:17 Feudal Age
9:38 Loom
13:00 Castle Age
13:42 Anarchy
14:23 Forging
17:04 Padded Archer Armor
20:29 Leather Archer Armor
24:20 Wheelbarrow
23:53 Pikeman
24:34 Squires
27:23 Iron Casting
26:32 Horse Collar
26:44 Double-Bit Axe
31:43 Hand Cart
33:43 Scale Mail Armor
37:13 Imperial Age
37:03 Chain Mail Armor
37:25 Halberdier
40:38 Perfusion
COFFY
8:39 Feudal Age
13:16 Castle Age
13:54 Wheelbarrow
13:14 Gold Mining
13:16 Stone Mining
13:14 Double-Bit Axe
13:13 Horse Collar
13:45 Town Watch
14:14 Heavy Plow
14:39 Bow Saw
15:33 Stone Shaft Mining
21:33 Fletching
21:44 Padded Archer Armor
26:47 Bodkin Arrow
34:54 Imperial Age
39:48 Pikeman
40:29 Squires
40:14 Arson
40:23 Halberdier
52:26 Forging
52:18 Scale Mail Armor
abgdevzt
0:30 Loom
8:59 Feudal Age
10:21 Double-Bit Axe
10:17 Horse Collar
13:00 Castle Age
12:13 Wheelbarrow
15:21 Bow Saw
18:45 Town Watch
19:12 Heavy Plow
21:36 Gold Mining
27:14 Imperial Age
24:41 Fletching
25:09 Padded Archer Armor
25:46 Bodkin Arrow
25:57 Malon
26:26 Leather Archer Armor
27:06 Ballistics
27:34 Gold Shaft Mining
27:16 Murder Holes
27:17 Elite Bolas Rider
28:35 Ring Archer Armor
29:35 Conscription
29:50 Crop Rotation
30:53 Chemistry
30:33 Stone Mining
32:06 Siege Engineers
34:06 Hand Cart
33:52 Town Patrol
36:05 Forging
36:09 Masonry
35:40 Treadmill Crane
37:33 Coinage
38:42 Caravan
40:46 Iron Casting
41:44 Butalmapu
44:51 Blast Furnace
43:16 Elite Kona
riden1109itou
2:32 Loom
8:02 Feudal Age
11:39 Castle Age
10:47 Double-Bit Axe
12:49 Wheelbarrow
17:09 Horse Collar
17:54 Gold Mining
19:14 Bow Saw
19:09 Stone Mining
24:24 Imperial Age
22:10 Forging
22:06 Scale Barding Armor
22:43 Heavy Plow
23:55 Iron Casting
24:58 Chain Barding Armor
24:51 Husbandry
24:12 Light Cavalry
25:29 Heavy Camel Rider
27:21 Plate Barding Armor
27:09 Hand Cart
29:13 Conscription
32:20 Elite Cataphract
34:48 Logistica
40:53 Caravan
Connection lost

Rejoining the realm…

Still unreachable

The connection could not be restored.

Session expired

The server has moved on; the page needs a fresh start.